 Dungeon Sprint DCSS version 0.28.0 (webtiles) character file.

Game seed: 5074700793539383045

2256 boopmooplesden the Protected (level 9, -2/93 HPs)
             Began as a Minotaur Fighter on Feb 14, 2022.
             Was a Believer of Okawaru.
             Slain by a water moccasin (6 damage)
             ... in the Dungeon (Sprint II: "The Violet Keep of Menkaure").
             The game lasted 00:03:10 (862 turns).

boopmooplesden the Protected (Minotaur Fighter)      Turns: 862, Time: 00:03:10

Health: -2/93      AC:  4    Str: 25    XL:     9   Next: 15%
Magic:  8/8        EV: 12    Int:  5    God:    Okawaru [**....]
Gold:   172        SH:  7    Dex: 13    Spells: 8/8 levels left

rFire   + . .      SeeInvis .   l - +2 demon whip (flame)
rCold   . . .      Faith    .   c - +0 buckler
rNeg    . . .      Spirit   .   m - +0 leather armour "Orufed" {rF+ Str+3}
rPois   .          Reflect  .   (helmet restricted)
rElec   .          Harm     .   (no cloak)
rCorr   .          Rampage  .   (no gloves)
Will    .....      NoTele   +   (no boots)
Stlth   +.........              (no amulet)
HPRegen 0.25/turn               (no ring)
MPRegen 0.11/turn               (no ring)

@: very slow
A: horns 2, retaliatory headbutt
a: Renounce Religion, Heroism


You were in the Dungeon.
You worshipped Okawaru.
Okawaru was pleased with you.
You visited 1 branch You collected 742 gold pieces.
You spent 570 gold pieces at shops.

Inventory:

Hand Weapons
 a - a +0 long sword
 l - a +2 demon whip of flaming (weapon)
Armour
 b - a +0 scale mail
 c - a +0 buckler (worn)
 m - the +0 leather armour "Orufed" (worn) {rF+ Str+3}
   (You bought it in a shop in the Dungeon)

   Str:       It affects your strength (+3).
   rF:        It protects you from fire.
Scrolls
 e - a scroll of summoning {unknown}
 f - 2 scrolls of fog {unknown}
 j - a scroll of blinking
 k - a scroll of identify {unknown}
Potions
 d - a potion of mutation {unknown}
 g - a potion of haste
 h - 2 potions of magic


   Skills:
 + Level 13.0 Fighting
 + Level 12.3 Long Blades
 + Level 2.4 Maces & Flails
 + Level 13.4 Armour
 + Level 2.3 Dodging
 + Level 1.0 Stealth
 + Level 12.2 Shields


You had 8 spell levels left.
You didn't know any spells.
Your spell library was empty.

Dungeon Overview and Level Annotations

Branches:
Dungeon (1/1)

Altars:
Cheibriados
Dithmenos
Elyvilon
Fedhas
Gozag
Hepliaklqana
Kikubaaqudgha
Makhleb
Nemelex Xobeh
Okawaru
Qazlal
Ru
Sif Muna
Trog
Uskayaw
Vehumet
Wu Jian
Xom
Yredelemnul
Zin
The Shining One
Beogh
Jiyva
Lugonu

Shops:
D *(:[[=!=?(![[*:

Annotations:
D exclusion: oklob plant


Innate Abilities, Weirdness & Mutations

You have a pair of horns on your head.
You reflexively headbutt those who attack you in melee.


Message History

The water moccasin bites you!
You are poisoned.
The water moccasin poisons you! You block the water moccasin's attack.
You feel extremely sick. The water moccasin bites you.
You feel very sick. You block the water moccasin's attack.
The water moccasin bites you.
* * * LOW HITPOINT WARNING * * *
You feel very sick.
The water moccasin bites you but does no damage.
The water moccasin barely misses you. You furiously retaliate!
You headbutt the water moccasin, but do no damage.
You hit the water moccasin. You burn the water moccasin.
The water moccasin is moderately wounded.
You feel sick. The water moccasin bites you.
* * * LOW HITPOINT WARNING * * *
You closely miss the water moccasin.
Your headbutt misses the water moccasin.
The water moccasin is moderately wounded.
You feel sick. You block the water moccasin's attack.
The water moccasin bites you.
* * * LOW HITPOINT WARNING * * *
Okay, then.
You completely miss the water moccasin. You headbutt the water moccasin!
The water moccasin is heavily wounded.
The walls and floor vibrate strangely for a moment.
You feel sick. The water moccasin barely misses you. You furiously retaliate!
You headbutt the water moccasin!
Your unstable footing causes you to fumble your attack.
You feel sick. The water moccasin barely misses you.
You closely miss the water moccasin.
The water moccasin is almost dead.
You feel sick. The water moccasin bites you.
* * * LOW HITPOINT WARNING * * *
You block the water moccasin's attack.
Your unstable footing causes you to fumble your attack.
You feel sick.
You are no longer poisoned.
The water moccasin bites you.
You die...

# ##.#### +.### }▓?!?=(=[?▓▓
.# ...# ...# ##▓?((!)?):▓▓
###..## #..# .#▓[(?$??$$▓▓
##.##..# +..# .#▓!?:(??$)▓▓
#.#.#..# #..# .#▓!$?("?$[▓▓
÷###'..####..##.#▓[(()"$[(▓▓
#.#.#....###...##▓▓▓▓▓▓▓+▓▓▓▓
##.##......≈≈)≈≈@SSS≈§§§...X≈
###≈≈..§..≈#†########'###.≈≈
.#≈≈≈≈≈≈§..≈#.†..._._#≈§≈#
##≈§≈§§≈≈≈.≈#...._._.#≈≈≈§#
#≈≈≈§≈§§≈≈≈≈#..._._._#≈≈≈§≈#
≈≈≈≈§≈§§≈§≈≈#.._._._.#≈§≈§§≈#
++#≈≈§≈≈≈§§§#._._._._#≈§≈§≈≈+
##§≈§###§≈#_._._._.#≈§≈§§§#
##≈≈ #≈≈#._._._..#≈§≈≈§≈


You could see 3 water moccasins.

Vanquished Creatures
  A yaktaur (D)
  3 polar bears (D)
  A blink frog (D)
  A hornet (D)
  2 wyverns (D)
  2 water moccasins (D)
  4 necrophages (D)
  4 scorpions (D)
18 creatures vanquished.

Vanquished Creatures (others)
  Menkaure (D)
1 creature vanquished.

Grand Total: 19 creatures vanquished

Notes
Turn   | Place    | Note
-------+----------+-------------------------------------------
     0 | D        | boopmooplesden the Minotaur Fighter began the quest for the
                  | Orb.
     0 | D        | Reached XP level 1. HP: 19/19 MP: 0/0
     1 | D        | Noticed a scorpion
     1 | D        | Noticed a scorpion
     5 | D        | Killed a scorpion
     6 | D        | Reached XP level 2. HP: 10/30 MP: 1/1
     6 | D        | Reached XP level 3. HP: 12/37 MP: 2/2
    11 | D        | Killed a scorpion
    11 | D        | HP: 1/37 [poisoned by a scorpion]
    12 | D        | Reached XP level 4. HP: 1/47 MP: 3/3
   288 | D        | Noticed a scorpion
   288 | D        | Noticed a scorpion
   295 | D        | Killed a scorpion
   296 | D        | Reached skill level 5 in Long Blades
   296 | D        | Reached XP level 5. HP: 53/53 MP: 4/4
   307 | D        | Noticed a necrophage
   307 | D        | Noticed a necrophage
   307 | D        | Noticed a necrophage
   307 | D        | Noticed a necrophage
   314 | D        | Killed a necrophage
   315 | D        | Reached XP level 6. HP: 41/63 MP: 5/5
   320 | D        | Reached skill level 10 in Armour
   323 | D        | Reached skill level 10 in Fighting
   330 | D        | Reached skill level 10 in Shields
   330 | D        | Reached XP level 7. HP: 41/73 MP: 6/6
   475 | D        | Noticed a wyvern
   475 | D        | Noticed a wyvern
   479 | D        | Killed a wyvern
   486 | D        | Killed a wyvern
   497 | D        | Noticed a boulder beetle
   497 | D        | Noticed a boulder beetle
   505 | D        | Found Xohithe's Book Shop.
   506 | D        | Found Janulon's Assorted Antiques.
   506 | D        | Found Sycesen's Antique Armour Shop.
   506 | D        | Found Tivuov's Antique Weapon Boutique.
   506 | D        | Found Lufits's Distillery.
   506 | D        | Found Nerghu Akezxa's Jewellery Shop.
   506 | D        | Found Nazxonn's Magic Scroll Shop.
   507 | D        | Found Peskonk's Antique Armour Boutique.
   507 | D        | Found Deprudgha's Distillery.
   507 | D        | Found Osikliwe's Jewellery Boutique.
   507 | D        | Noticed a manticore
   511 | D        | Noticed a blink frog
   517 | D        | Killed a blink frog
   518 | D        | Reached XP level 8. HP: 54/82 MP: 7/7
   521 | D        | Killed Menkaure
   532 | D        | Noticed a manticore
   533 | D        | Found Pycuiqicw's Antique Armour Shop.
   533 | D        | Found Gatiz's Antique Armour Boutique.
   533 | D        | Noticed a manticore
   533 | D        | Noticed an oklob plant
   534 | D        | Found Mangarat's Weapon Shop.
   534 | D        | Found Uguantyp's General Store.
   534 | D        | Found Ditis's Book Shoppe.
   535 | D        | Noticed a fire dragon
   547 | D        | Bought a fuming white potion for 24 gold pieces
   547 | D        | Bought a scroll labelled LAWY BUOREDWYHEOX for 27 gold
                  | pieces
   547 | D        | Bought 2 scrolls labelled BUBOGEA ROLIAPUL for 54 gold
                  | pieces
   547 | D        | Bought a scroll labelled PUNONO SAQOALO for 27 gold pieces
   551 | D        | Bought a runed demon whip for 270 gold pieces
   552 | D        | Noticed a shining eye
   553 | D        | Noticed a shining eye
   555 | D        | Bought a faintly humming leather armour for 168 gold pieces
   555 | D        | Identified the +0 leather armour "Orufed" {rF+ Str+3} (You
                  | bought it in a shop in the Dungeon)
   755 | D        | Found a snail-covered altar of Cheibriados.
   756 | D        | Found a shadowy altar of Dithmenos.
   756 | D        | Found a viscous altar of Jiyva.
   756 | D        | Found a hazy altar of Hepliaklqana.
   757 | D        | Found a white marble altar of Elyvilon.
   757 | D        | Found an ancient bone altar of Kikubaaqudgha.
   757 | D        | Found a sacrificial altar of Ru.
   758 | D        | Found a blossoming altar of Fedhas.
   758 | D        | Found a corrupted altar of Lugonu.
   758 | D        | Found a shimmering blue altar of Sif Muna.
   759 | D        | Found an opulent altar of Gozag.
   759 | D        | Found a burning altar of Makhleb.
   759 | D        | Found a bloodstained altar of Trog.
   759 | D        | Found a shimmering altar of Xom.
   760 | D        | Found a sparkling altar of Nemelex Xobeh.
   760 | D        | Found a hide-covered altar of Uskayaw.
   760 | D        | Found a basalt altar of Yredelemnul.
   761 | D        | Found an iron altar of Okawaru.
   761 | D        | Found a radiant altar of Vehumet.
   761 | D        | Found a glowing silver altar of Zin.
   761 | D        | Noticed a hornet
   761 | D        | Noticed a polar bear
   761 | D        | Noticed a polar bear
   762 | D        | Found a stormy altar of Qazlal.
   762 | D        | Found an ornate altar of the Wu Jian Council.
   762 | D        | Found a glowing golden altar of the Shining One.
   762 | D        | Noticed a yaktaur
   764 | D        | Noticed a polar bear
   771 | D        | Became a worshipper of Warmaster Okawaru
   783 | D        | Killed a polar bear
   784 | D        | Reached skill level 10 in Long Blades
   784 | D        | Reached skill level 1 in Dodging
   786 | D        | Killed a polar bear
   792 | D        | Killed a hornet
   792 | D        | Reached * piety under Okawaru
   793 | D        | Reached skill level 1 in Maces & Flails
   794 | D        | Killed a polar bear
   795 | D        | Reached XP level 9. HP: 79/92 MP: 8/8
   797 | D        | Killed a yaktaur
   797 | D        | Reached ** piety under Okawaru
   798 | D        | Reached skill level 1 in Stealth
   850 | D        | Noticed a kraken
   861 | D        | HP: 4/93 [water moccasin (5)]
   862 | D        | Slain by a water moccasin

Illustrated notes

Levels and vault maps discovered:
D:        the_violet_keep_of_menkaure [sprint2_stairs_cluster_1,
          sprint2_shoproom, sprint2_temple, sprint2_basic_supplies,
          sprint2_obstacle_2, sprint2_obstacle_1, sprint2_obstacle_5,
          sprint2_obstacle_7, sprint2_obstacle_3, sprint2_timed_cluster_1,
          sprint2_smallroom_cluster_1, sprint2_smallroom_final_cluster_1,
          sprint2_transparent_cluster_1, sprint2_second_timed_cluster_1,
          sprint2_sniper_area_1, sprint2_heavy_combat_area_1,
          sprint2_mutation_trap_area_1, sprint2_forest_area_1,
          sprint2_light_combat_area_1, sprint2_behind_water_1,
          sprint2_near_end_vault_1]

Skill      XL: |  1  2  3  4  5  6  7  8  9 |
---------------+----------------------------+-----
Fighting       | 6 7 8 9 10 11 12 13 | 13.0
Long Blades    | 3 4 5 6 7 9 11 12 | 12.3
Armour         | 6 7 8 9 11 12 13 | 13.4
Shields        | 6 7 8 10 11 12 | 12.2
Dodging        | 2 |  2.3
Maces & Flails | 1 2 |  2.4
Stealth        | 1 |  1.0

Action                   |  1- 3 |  4- 6 |  7- 9 || total
-------------------------+-------+-------+-------++-------
Melee: Long sword        |     8 |    28 |    27 ||    63
       Headbutt          |       |     3 |    11 ||    14
       Demon whip        |       |       |    22 ||    22
  Use: Potion            |     2 |     1 |     1 ||     4
Armor: Scale mail        |     1 |     9 |     4 ||    14
       Leather armour    |       |       |     8 ||     8
Dodge: Dodged            |     4 |    10 |    26 ||    40
Block: Buckler           |     1 |     8 |    16 ||    25
